 Dungeon Crawl Stone Soup version 0.21-a0-81-gc5150db (webtiles) character file.

182 aesoa the Skirmisher (level 5, -1/41 HPs)
             Began as an Octopode Monk on June 22, 2017.
             Slain by an orc
             ... wielding a +0 dagger
              (3 damage)
             ... on level 3 of the Dungeon on June 23, 2017.
             The game lasted 00:04:44 (2146 turns).

aesoa the Skirmisher (Octopode Monk)                Turns: 2146, Time: 00:04:45

Health: -1/41      AC:  1    Str: 11    XL:     5   Next: 62%
Magic:  5/5        EV: 14    Int: 12    God:
Gold:   92         SH:  0    Dex: 15    Spells: 4/4 levels left

rFire    . . .     SeeInvis .   a - +0 mace
rCold    . . .     Gourm    .   (no shield)
rNeg     . . .     Faith    .   (helmet restricted)
rPois    .         Spirit   .   (no amulet)
rElec    .         Reflect  .   (no ring)
rCorr    .         Harm     .   (no ring)
MR       .....                  (no ring)
Stlth    +++.......             (no ring)
HPRegen  0.13/turn              (no ring)
MPRegen  0.09/turn              (no ring)
                                (no ring)
                                (no ring)

@: no status effects
A: almost no armour, stealthy swim, amphibious, 8 rings, constrict 8, camouflage
1, gelatinous body 1
a: no special abilities


You were on level 3 of the Dungeon.
You were not hungry.

You visited 1 branch of the dungeon, and saw 3 of its levels.

You collected 92 gold pieces.

Inventory:

Hand Weapons
 a - a +0 mace (weapon)
Missiles
 n - 8 javelins of penetration (quivered)
Wands
 m - a wand of polymorph (9/24)
Scrolls
 d - 3 scrolls of remove curse {unknown}
 e - 2 scrolls of enchant armour {unknown}
 h - 2 scrolls of identify {unknown}
 j - a scroll of recharging {unknown}
Potions
 g - a potion of brilliance {unknown}
 i - a potion of ambrosia {unknown}
 k - a potion of curing {unknown}
Comestibles
 b - 3 bread rations
 c - 2 meat rations
 f - 4 royal jellies
 l - a chunk of flesh


   Skills:
 + Level 6.1 Fighting
 - Level 3.0 Maces & Flails
 - Level 3.0 Dodging
 - Level 2.6 Stealth


You had 4 spell levels left.
You didn't know any spells.

Dungeon Overview and Level Annotations

Branches:
Dungeon (3/15)

Altars:
Ru
Vehumet


Innate Abilities, Weirdness & Mutations

You cannot wear most types of armour.
You are very stealthy in the water. (Stealth+)
You are amphibious.
You can wear up to eight rings at the same time.
You can use your tentacles to constrict eight enemies at once.
Your skin changes colour to match your surroundings (Stealth+).
Your rubbery body absorbs attacks. (AC +1, EV +1)


Message History

The orc throws a tomahawk of returning.
The tomahawk of returning closely misses you.
The weapon returns to the orc!
The orc misses you. The orc hits you with a hand axe.
* * * LOW HITPOINT WARNING * * *
The orc hits you.
* * * LOW HITPOINT WARNING * * *
The frilled lizard closely misses you.
The orc throws a tomahawk of returning.
The tomahawk of returning barely misses you.
The weapon returns to the orc!
You hit the orc but do no damage.
You constrict the orc, but do no damage.
The orc hits you but does no damage. The orc closely misses you.
The orc hits you with a hand axe.
* * * LOW HITPOINT WARNING * * *
The orc closely misses you. The frilled lizard closely misses you.
The orc throws a tomahawk of returning.
The tomahawk of returning closely misses you.
The orc hits you with a dagger.
You die...

#..#...###.. .#
#.##....### ##.
..###.....### ##
#####.....###..#
#........#####.#####
#.<....#...........####
##.....o#######.#..)....
#.....o.#######....####.
......l@o........#...##.
##....oo############..##
#......# #.. #......# ##
#......# # #......#
########


You could see 5 orcs and a frilled lizard.

Vanquished Creatures
  Crazy Yiuf (D:2)
  Ijyb (D:3)
  A gnoll (D:1)
  6 adders
  An ooze (D:1)
  2 worms (D:2)
  A dart slug (D:1)
  2 leopard geckos
  A giant cockroach (D:1)
  7 hobgoblins
  3 jackals (D:1)
  A quokka (D:2)
  3 bats
  5 frilled lizards (D:1)
  6 goblins
  11 kobolds
  6 rats
58 creatures vanquished.

Vanquished Creatures (others)
  A rat (D:2)
1 creature vanquished.

Grand Total: 59 creatures vanquished

Notes
Turn   | Place    | Note
-------+----------+-------------------------------------------
     0 | D:1      | aesoa the Octopode Monk began the quest for the Orb.
     0 | D:1      | Reached XP level 1. HP: 16/16 MP: 1/1
    47 | D:1      | Reached XP level 2. HP: 21/21 MP: 2/2
    84 | D:1      | You fall through a shaft!
    93 | D:2      | Reached skill level 4 in Fighting
    93 | D:2      | Reached XP level 3. HP: 16/27 MP: 3/3
   850 | D:1      | Reached XP level 4. HP: 30/34 MP: 4/4
  1104 | D:2      | Reached skill level 5 in Fighting
  1630 | D:2      | Found a radiant altar of Vehumet.
  1861 | D:2      | Found a runed door.
  1865 | D:2      | Noticed Crazy Yiuf
  1875 | D:2      | Killed Crazy Yiuf
  1875 | D:2      | Reached XP level 5. HP: 33/41 MP: 5/5
  1932 | D:2      | Found a sacrificial altar of Ru.
  2085 | D:3      | Noticed Ijyb
  2095 | D:3      | Killed Ijyb
  2095 | D:3      | Reached skill level 6 in Fighting
  2146 | D:3      | HP: 2/41 [orc/hand axe (4)]
  2146 | D:3      | Slain by an orc

Vault maps used:
D:1:      zaba_arrival_water
D:2:      fiery_altar_vehumet, serial_bayou_pond_d,
          nicolae_ru_the_path_less_chosen, uniq_crazy_yiuf_cottage
D:3:      uniq_ijyb, uniq_jessica

Skill      XL: |  1  2  3  4  5 |
---------------+----------------+-----
Fighting       | 4 5 6 |  6.1
Maces & Flails | |  3.0
Dodging        | |  3.0
Stealth        | |  2.6

Action                   |  1- 3 |  4- 6 || total
-------------------------+-------+-------++-------
Melee: Mace              |    60 |    72 ||   132
       Constrict         |    19 |    21 ||    40
       Tentacles         |     8 |    16 ||    24
 Stab: Sleeping          |     7 |     2 ||     9
  Eat: Chunk             |       |     4 ||     4
Armor: Skin              |     4 |     3 ||     7
Dodge: Dodged            |    60 |    66 ||   126
